 Dungeon Crawl Stone Soup version 0.20-a0-754-g13ddd6e (webtiles) character file.

1628 esteth the Grappler (level 8, 0/74 HPs)
             Began as a Troll Monk on Feb 25, 2017.
             Was a Believer of Wu Jian.
             Slain by an orc priest
             ... wielding a +0 club
              (3 damage)
             ... on level 7 of the Dungeon.
             The game lasted 00:10:37 (4891 turns).

esteth the Grappler (Troll Monk)                    Turns: 4891, Time: 00:10:38

Health: 0/74       AC:  6    Str: 20    XL:     8   Next: 65%
Magic:  16/16      EV: 10    Int:  6    God:    Wu Jian [**....]
Gold:   393        SH:  0    Dex: 14    Spells: 7/7 levels left

rFire    . . .     SeeInvis .     - Unarmed
rCold    . . .     Gourm    +   a - +1 robe
rNeg     . . .     Faith    .   (no shield)
rPois    .         Spirit   .   (helmet restricted)
rElec    .         Reflect  .   (no cloak)
rCorr    .         Harm     .   (gloves unavailable)
MR       .....                  (boots unavailable)
Stlth    ++........             (no amulet)
Regen    0.7/turn               n - ring of wizardry
MPRegen  0.2/turn               i - ring of magical power

@: lethally poisoned (0 -> -13)
A: unfitting armour, claws 3, fast metabolism 3, gourmand, mutation resistance
1, regeneration 1, shaggy fur 1, tough skin 2
a: Renounce Religion


You were on level 7 of the Dungeon.
You worshipped Wu Jian.
Wu Jian was pleased with you.
You were very full.

You visited 1 branch of the dungeon, and saw 7 of its levels.

You collected 393 gold pieces.

Inventory:

Armour
 a - a +1 robe (worn)
Jewellery
 i - a ring of magical power (left claw)
 n - a ring of wizardry (right claw)
 p - an uncursed amulet of faith
Wands
 g - a wand of lightning (15/15)
 r - a wand of confusion (8/48)
Scrolls
 c - 4 scrolls of amnesia
 e - 4 scrolls of teleportation
 h - 3 scrolls of identify
 k - a scroll of fog
 q - a scroll of remove curse
Potions
 s - a potion of flight
Books
 o - a book of Minor Magic

   Spells                             Type                      Level
   a - Magic Dart                     Conjuration                  1
   b - Blink                          Translocation                2
   c - Call Imp                       Summoning                    2
   d - Slow                           Hexes                        2
   e - Conjure Flame                  Conjuration/Fire             3
   f - Mephitic Cloud                 Conjuration/Poison/Air       3
Comestibles
 b - 6 bread rations
 d - 3 meat rations
 l - 4 royal jellies
 m - 3 fruits


   Skills:
 + Level 2.4 Fighting
 + Level 2.4 Dodging
 - Level 1.0 Stealth
 - Level 11.2 Unarmed Combat


You had 7 spell levels left.
You didn't know any spells.

Dungeon Overview and Level Annotations

Branches:
Dungeon (7/15)
 Temple: D:4-7

Altars:
Ashenzari
Cheibriados
Dithmenos
Fedhas
Gozag
Hepliaklqana
Makhleb
Okawaru
Qazlal
Sif Muna
Trog
Uskayaw
Wu Jian
Xom
Yredelemnul
The Shining One

Shops:
D:7 (


Innate Abilities, Weirdness & Mutations

You are too large for most types of armour.
You have claws for hands.
Your metabolism is lightning-fast.
You like to eat raw meat.
Your natural rate of healing is unusually fast.
You are covered in fur. (AC +1)
You have very tough skin. (AC +2)
You are somewhat resistant to further mutation.


Message History

You spin and attack the orc warrior repeatedly!
You scratch the orc warrior.
The orc warrior is moderately wounded.
You claw the orc warrior!
The orc warrior is almost dead.
You spin and attack the orc.
You scratch the orc.
The orc seems to slow down as you strike a pressure point.
The orc is lightly wounded.
You feel sick.
The orc warrior hits you with a mace of venom!
* * * LOW HITPOINT WARNING * * *
You are more poisoned.
The orc throws a tomahawk.
The tomahawk hits you but does no damage.
You see here a tomahawk.
You spin and attack the orc priest repeatedly!
You closely miss the orc priest. You barely miss the orc priest.
* * * LOW HITPOINT WARNING * * *
You feel sick. The orc priest hits you with a club.
You die...

#.. ... #.. ...
###.# ..### #__.#
##..... ..
#__(###...... ..
#__#.##...PP ..
.#.o.#o#...PP♣ ..
⌠.⌠##__##....P.PP..
### #o_ #@o..PPPP..
## #__ ##(o.......
### #o(......8
#.........
##..PPPP.. #..PP.P..
#####..P.)P.
#####.......PPP
####................


You could see an orc warrior, an orc priest and 2 orcs.

Vanquished Creatures
  Eustachio (D:5)
  A water moccasin (D:5)
  An orc warrior (D:6)
  4 ogres
  A black bear (D:6)
  A necrophage (D:5)
  A centaur (D:5)
  A bullfrog (D:6)
  3 vampire bats (D:3)
  2 crimson imps
  2 orc priests
  A bullfrog skeleton (D:5)
  2 jellies
  3 orc wizards
  An iguana (D:5)
  A worker ant (D:5)
  3 gnolls (D:5)
  3 adders
  2 oozes
  An adder zombie (D:5)
  3 worms
  A dart slug (D:4)
  2 leopard geckos
  8 orcs
  A ball python (D:4)
  3 giant cockroaches
  10 goblins
  8 hobgoblins
  10 jackals (D:1)
  5 kobolds
  2 quokkas
  7 bats
  6 frilled lizards
  7 rats
108 creatures vanquished.

Vanquished Creatures (others)
  5 dream sheep (D:4)
5 creatures vanquished.

Grand Total: 113 creatures vanquished

Notes
Turn   | Place    | Note
-------+----------+-------------------------------------------
     0 | D:1      | esteth the Troll Monk began the quest for the Orb.
     0 | D:1      | Reached XP level 1. HP: 22/22 MP: 0/0
   150 | D:1      | Reached XP level 2. HP: 22/29 MP: 1/1
   351 | D:1      | Reached skill level 4 in Unarmed Combat
   460 | D:1      | Reached XP level 3. HP: 35/36 MP: 2/2
   548 | D:1      | Gained mutation: Your magical capacity is low. (-10% MP) [potion of mutation]
   548 | D:1      | Gained mutation: Your muscles are strong. (Str +2) [potion of mutation]
   769 | D:2      | Lost mutation: Your muscles are strong. (Str +2) [potion of mutation]
   769 | D:2      | Lost mutation: Your magical capacity is low. (-10% MP) [potion of mutation]
   769 | D:2      | Gained mutation: You are somewhat resistant to further mutation. [potion of mutation]
   869 | D:2      | Found a bloodstained altar of Trog.
  1041 | D:2      | Found a shadowy altar of Dithmenos.
  1101 | D:2      | Found a shattered altar of Ashenzari.
  1367 | D:2      | Found a glowing golden altar of the Shining One.
  1681 | D:3      | Reached skill level 5 in Unarmed Combat
  1681 | D:3      | Reached XP level 4. HP: 44/44 MP: 3/3
  1686 | D:3      | Reached XP level 5. HP: 50/50 MP: 4/4
  1688 | D:3      | Reached skill level 6 in Unarmed Combat
  1768 | D:3      | Found a snail-covered altar of Cheibriados.
  1887 | D:3      | Noticed an ogre
  1893 | D:3      | Killed an ogre
  1893 | D:3      | Reached XP level 6. HP: 24/59 MP: 5/5
  2329 | D:4      | Reached skill level 7 in Unarmed Combat
  2501 | D:4      | Noticed a dream sheep
  2501 | D:4      | Noticed a dream sheep
  2501 | D:4      | Noticed a dream sheep
  2501 | D:4      | Noticed a dream sheep
  2501 | D:4      | Noticed a dream sheep
  2501 | D:4      | Found a shimmering altar of Xom.
  2507 | D:4      | Killed a dream sheep
  2507 | D:4      | Killed a dream sheep
  2507 | D:4      | Killed a dream sheep
  2507 | D:4      | Killed a dream sheep
  2507 | D:4      | Killed a dream sheep
  3047 | D:5      | Entered Level 5 of the Dungeon
  3150 | D:5      | Reached skill level 8 in Unarmed Combat
  3156 | D:5      | Found a hide-covered altar of Uskayaw.
  3156 | D:5      | Found a basalt altar of Yredelemnul.
  3166 | D:5      | Reached XP level 7. HP: 28/66 MP: 6/6
  3252 | D:5      | Found a bloodstained altar of Trog.
  3337 | D:5      | Found a blossoming altar of Fedhas.
  3436 | D:5      | Reached skill level 9 in Unarmed Combat
  3477 | D:5      | Noticed Eustachio
  3493 | D:5      | Killed Eustachio
  3600 | D:5      | Reached XP level 8. HP: 74/74 MP: 7/7
  3829 | D:6      | Reached skill level 10 in Unarmed Combat
  3977 | D:6      | Found a deep blue altar of Sif Muna.
  4353 | D:6      | Reached skill level 11 in Unarmed Combat
  4696 | D:6      | Found an ornate altar of the Wu Jian Council.
  4711 | D:6      | Became a worshipper of the Wu Jian Council
  4711 | D:6      | Reached * piety under Wu Jian
  4711 | D:6      | Reached ** piety under Wu Jian
  4771 | D:7      | Found a blossoming altar of Fedhas.
  4791 | D:7      | Found Hirgh's Weapon Shoppe.
  4868 | D:7      | Found a stormy altar of Qazlal.
  4873 | D:7      | Found an iron altar of Okawaru.
  4873 | D:7      | Found a shimmering altar of Xom.
  4873 | D:7      | Found a stormy altar of Qazlal.
  4874 | D:7      | Found a bloodstained altar of Trog.
  4874 | D:7      | Found a snail-covered altar of Cheibriados.
  4874 | D:7      | Found a shattered altar of Ashenzari.
  4874 | D:7      | Found a hazy altar of Hepliaklqana.
  4874 | D:7      | Found a burning altar of Makhleb.
  4874 | D:7      | Found a snail-covered altar of Cheibriados.
  4874 | D:7      | Found an ornate altar of the Wu Jian Council.
  4874 | D:7      | Found an opulent altar of Gozag.
  4891 | D:7      | HP: 3/74 [poisoned by an orc warrior]
  4891 | D:7      | Slain by an orc priest

Vault maps used:
D:1:      dpeg_arrival_round_b, hangedman_decor_peaks_small
D:2:      lemuel_round_altar, grunt_dithmenos_smoke,
          nicolae_overflow_hidden_temple, trog_three_pillars_becter
D:3:      roderic_batcave, cheibriados_altar_1
D:4:      kb_xom_exploding_sheep
D:5:      gammafunk_temple_overflow_elements, basic_altar, first_bread,
          bloody_trog, uniq_eustachio
D:6:      black_bear_nest_1, lemuel_crystal_altar, lemuel_round_altar
D:7:      marbit_many_paths, nicolae_overflow_crystal_walls, temple_doors_ab,
          serial_park, serial_park_tiny_1, serial_park_square2,
          serial_park_square2, serial_park_square1, serial_shops,
          nicolae_shop_crystal, grunt_livestock

Skill      XL: |  1  2  3  4  5  6  7  8 |
---------------+-------------------------+-----
Unarmed Combat | 4 5 6 8 9 11 | 11.2
Fighting       | |  2.4
Dodging        | |  2.4
Stealth        | |  1.0

Action                   |  1- 3 |  4- 6 |  7- 9 || total
-------------------------+-------+-------+-------++-------
Melee: Unarmed           |   102 |    73 |   102 ||   277
       Punch             |     1 |       |     3 ||     4
  Use: Scroll            |     9 |     4 |     3 ||    16
       Potion            |     6 |     1 |     6 ||    13
 Stab: Sleeping          |     5 |     1 |     1 ||     7
  Eat: Chunk             |    21 |    10 |    18 ||    49
Armor: Robe              |    26 |    43 |    26 ||    95
Dodge: Dodged            |    32 |    42 |    47 ||   121
